 Dungeon Crawl Stone Soup version 0.29-a0-418-gc0181ea820 (webtiles) character file.

Game seed: 10625435902269919616

410 holysushi the Sneak (level 6, 0/38 (41) HPs)
             Began as an Octopode Artificer on May 18, 2022.
             Slain by a wight
             ... wielding a +0 hand axe
              (3 damage)
             ... on level 4 of the Dungeon.
             The game lasted 00:04:04 (4093 turns).

holysushi the Sneak (Octopode Artificer)            Turns: 4093, Time: 00:04:05

HP:   0/38 (41)     AC:  2    Str: 11    XL:     6   Next: 89%
MP:   6/6           EV: 15    Int: 14    God:
Gold: 217           SH:  0    Dex: 20    Spells: 5/5 levels left

rFire   . . .      SeeInvis .   l - +1 short sword (venom)
rCold   . . .      Faith    .   (no shield)
rNeg    . . .      Spirit   .   p - +1 hat
rPois   .          Reflect  .   (no amulet)
rElec   .          Harm     .   i - ring of wizardry
rCorr   .          Rampage  .   r - +6 ring of dexterity
Will    .....                   (no ring)
Stlth   ++++......              (no ring)
HPRegen 0.12/turn               (no ring)
MPRegen 0.10/turn               (no ring)
                                (no ring)
                                (no ring)

@: drained
A: almost no armour, amphibious, 8 rings, camouflage 1, gelatinous body 1,
(nimble swimmer 1), tentacles
a: no special abilities


You were on level 4 of the Dungeon.
You visited 1 branch of the dungeon, and saw 4 of its levels.

You collected 217 gold pieces.

Inventory:

Hand Weapons
 h - a +0 dagger
 l - a +1 short sword of venom (weapon)
Armour
 p - a +1 hat (worn)
Magical Staves
 j - a staff of earth
Jewellery
 i - a ring of wizardry (left tentacle)
 r - a +6 ring of dexterity (right tentacle)
 s - a ring of ice
Wands
 b - a wand of flame (15) (quivered)
 c - a wand of charming (15)
 d - a wand of iceblast (9)
Scrolls
 a - a scroll of summoning {unknown}
 e - 8 scrolls of identify {unknown}
 g - a scroll of fear {unknown}
 k - 4 scrolls of teleportation {unknown}
 m - 3 scrolls of amnesia {unknown}
 o - a scroll of blinking {unknown}
 u - 3 scrolls of noise {unknown}
Potions
 f - 4 potions of ambrosia {unknown}
 n - 2 potions of might {unknown}
 q - a potion of brilliance
 t - 2 potions of curing {unknown}
 v - a potion of experience {unknown}
 w - a potion of attraction {unknown}
 x - a potion of mutation {unknown}


   Skills:
 - Level 2.6 Fighting
 + Level 4.2 Short Blades
 + Level 3.9 Dodging
 + Level 4.5 Stealth
 - Level 3.2 Evocations


You had 5 spell levels left.
You didn't know any spells.
Your spell library contained the following spells:

 Spells                   Type           Power      Damage    Failure   Level
 Pain                     Necr           0%         1d4       12%         1
 Agony                    Necr           0%         N/A       95%         5
 Excruciating Wounds      Necr           0%         N/A       95%         5


Dungeon Overview and Level Annotations

Branches:
Dungeon (4/15)
 Temple: D:4-7

Altars:

Annotations:
D:3 1 runed translucent door, exclusion: door, Crazy Yiuf


Innate Abilities, Weirdness & Mutations

You cannot wear most types of armour.
You are amphibious.
You can wear up to eight rings at the same time.
Your skin changes colour to match your surroundings (Stealth+).
Your rubbery body absorbs attacks. (AC +1, EV +1)
((You are camouflaged when in or above water. (Stealth+)))
You have tentacles for arms and can constrict up to eight enemies at once.


Message History

A quokka comes into view.
A quokka is nearby!
Found a spear.
A quokka is nearby!
A quokka is nearby!
A quokka is nearby!
A quokka is nearby!
A quokka is nearby!
A quokka is nearby!
The helpless quokka fails to defend itself.
You stick the quokka like a pincushion!!!
You kill the quokka!
No target in view!
No target in view!
Found a stone staircase leading up.
No target in view!
You now have 217 gold pieces (gained 16).
e - 8 scrolls labelled SUOGEA IWUGH (gained 1)
You see here a +0 spear.
Found a stone staircase leading down.
There is a stone staircase leading down here.
There is an open door here.
Key pressed, stopping explore.
No target in view!
k - 4 scrolls labelled SIC ENIQID (gained 1) As you open the door, it creaks loudly! 2 wights come into view.
A wight is wielding a +5 halberd of freezing.
A wight comes into view. It is wielding a +2 morningstar.
You hit the wight but do no damage. You grab the wight.
You constrict the wight, but do no damage.
The wight hits you with a +0 hand axe!
You feel drained.
There are monsters nearby!
There are monsters nearby!
You hit the wight but do no damage. You constrict the wight.
The wight hits you from afar with a +5 halberd of freezing!
The wight freezes you. The wight hits you with a +0 hand axe!
* * * LOW HITPOINT WARNING * * *
You feel drained.
You die...

#............#.......###
#............#.........#
#............##........#########
#............##.................
##. #................. ....
#.................
.....##.................
....zzz.................
#@................
#.................
#.................
#.................
#........######### #........#
##########


You could see 3 wights.

Vanquished Creatures
  Edmund (D:4)
  A black bear (D:4)
  Natasha (thrice) (D:3)
  3 adders
  A worm (D:3)
  4 dart slugs
  2 orcs (D:4)
  6 bats
  6 endoplasms
  7 giant cockroaches
  9 goblins
  14 hobgoblins
  4 jackals (D:2)
  5 quokkas
  8 ball pythons
  A frilled lizard (D:1)
  9 kobolds
  5 rats
89 creatures vanquished.

Notes
Turn   | Place    | Note
-------+----------+-------------------------------------------
     0 | D:1      | holysushi the Octopode Artificer began the quest for the
                  | Orb.
     0 | D:1      | Reached XP level 1. HP: 13/13 MP: 1/1
   241 | D:1      | Reached XP level 2. HP: 12/19 MP: 2/2
   521 | D:1      | Found a faded altar of an unknown god.
   782 | D:1      | Reached XP level 3. HP: 23/25 MP: 3/3
   858 | D:1      | Reached skill level 1 in Short Blades
  1974 | D:2      | Reached XP level 4. HP: 30/30 MP: 4/4
  2770 | D:3      | Noticed Natasha
  3174 | D:3      | Killed Natasha
  3175 | D:3      | Reached XP level 5. HP: 35/35 MP: 5/5
  3275 | D:3      | Found a runed translucent door.
  3276 | D:3      | Noticed Crazy Yiuf
  3307 | D:3      | Noticed Natasha
  3314 | D:3      | Killed Natasha
  3347 | D:3      | Noticed Natasha
  3352 | D:3      | Killed Natasha
  3596 | D:4      | Noticed a black bear
  3601 | D:4      | Killed a black bear
  3602 | D:4      | Reached XP level 6. HP: 41/41 MP: 6/6
  3696 | D:4      | Noticed Edmund
  3710 | D:4      | Killed Edmund
  4093 | D:4      | Slain by a wight

Illustrated notes

Levels and vault maps discovered:
D:1:      dpeg_arrival_morbid_curiosity, layout_basic,
          hellmonk_ecumenical_altar_lost_god
D:2:      layout_basic, minmay_tetromino_o2
D:3:      layout_rooms, uniq_natasha, uniq_crazy_yiuf_cottage
D:4:      layout_basic, uniq_edmund

Skill      XL: |  1  2  3  4  5  6 |
---------------+-------------------+-----
Fighting       | 2 |  2.6
Short Blades   | 2 3 4 |  4.2
Stealth        | 2 3 4 |  4.5
Dodging        | 3 |  3.9
Evocations     | |  3.2

Action                   |  1- 3 |  4- 6 || total
-------------------------+-------+-------++-------
Melee: Unarmed           |    35 |       ||    35
       Constrict         |    27 |    23 ||    50
       Tentacles         |    21 |    18 ||    39
       Dagger            |    35 |       ||    35
       Short sword       |    15 |    91 ||   106
       Punch             |     1 |     2 ||     3
 Stab: Sleeping          |     7 |    13 ||    20
Armor: Skin              |     8 |     6 ||    14
Dodge: Dodged            |    51 |    58 ||   109

Table legend: (Time is in decaauts)
 A = Elapsed time spent in this place.
 B = Non-inter-level travel time spent in this place.
 C = Inter-level travel time spent in this place.
 D = Time resting spent in this place.
 E = Time spent auto-exploring this place.
 F = Levels seen in this place.
 G = Mean time per level.
                   A        B        C        D        E       F      G
               +--------+--------+--------+--------+--------+-----+--------+
         Total |   4092 |   3881 |    211 |   1071 |   2135 |   4 | 1023.0 |
       Dungeon |   4092 |   3881 |    211 |   1071 |   2135 |   4 | 1023.0 |
               +--------+--------+--------+--------+--------+-----+--------+

Top non-repeatable levels by time:
     D:2: 1630 daAuts
     D:1: 1230 daAuts
     D:4: 727 daAuts
     D:3: 503 daAuts
